Panthers vs Capitals
Created - March 17, 2022 at 23:22
Goals
|
| Panthers |
0 |
1 |
0 |
1 |
| Capitals |
1 |
0 |
1 |
2 |
|
Shots
|
| Panthers |
10 |
10 |
13 |
33 |
| Capitals |
13 |
13 |
12 |
38 |
|
1st period
1. Capitals , Blake Pietila 4 (Alexander Radulov 11, Jason Spezza 25) at 1:47
Penalties :
No Penalty
2nd period
2. Panthers , Jonathan Drouin 6 (Max Reinhart 15, Erik Gudbranson 21) at 11:55
Penalties :
Dalton Prout (Flo) for Interference (Minor) at 2:43
3rd period
3. Capitals , Jujhar Khaira 2 (Rick Nash 13, Alexei Marchenko 10) at 13:11
Penalties :
Tobias Rieder (Flo) for Hooking (Minor) at 2:52, Erik Gudbranson (Flo) for Tripping (Minor) at 13:33
Goalie Stats
Petr Mrazek (Flo), 36 saves from 38 shots - (0.947), L, 22-8-4, 59:26 minutes
Chet Pickard (Was), 32 saves from 33 shots - (0.970), W, 5-2-1, 60:00 minutes
Players Stats for Panthers
Player Name G A P +/- PIM S H SB GA TA FO MP PP MP PK MP
------------------------------------------------------------------------------------
Alex Galchenyuk 0 0 0 -1 0 2 0 0 1 1 0/0 21:14 0:00 2:10
Dalton Prout 0 0 0 1 2 2 2 1 0 2 0/0 17:41 0:00 2:16
Dany Heatley 0 0 0 0 0 1 2 0 0 0 0/0 7:05 0:00 0:13
Daultan Leveillé 0 0 0 0 0 0 1 0 0 0 2/4 7:37 0:00 0:17
Drew Stafford 0 0 0 0 0 0 1 1 0 0 0/1 10:14 0:00 3:22
Erik Gudbranson 0 1 1 0 2 5 2 0 0 1 0/0 26:56 0:00 2:47
Jake Gardiner 0 0 0 1 0 0 2 2 2 0 0/0 22:12 0:00 4:04
Jonathan Drouin 1 0 1 1 0 1 0 0 0 0 1/1 11:54 0:00 0:00
Jonathan Sigalet 0 0 0 -2 0 0 1 0 0 2 0/0 15:09 0:00 0:40
Josh Gorges 0 0 0 -2 0 0 1 1 0 1 0/0 16:54 0:00 2:07
Matt Duchene 0 0 0 -1 0 1 0 0 2 0 15/33 19:56 0:00 1:20
Max Reinhart 0 1 1 1 0 3 1 1 0 0 4/10 15:13 0:00 3:19
Nail Yakupov 0 0 0 1 0 2 0 1 1 0 0/0 11:54 0:00 0:00
Oscar Klefbom 0 0 0 0 0 2 1 0 0 1 0/0 21:36 0:00 0:00
Ryan O'Reilly 0 0 0 -1 0 1 3 2 0 0 3/9 17:26 0:00 1:13
Teuvo Teravainen 0 0 0 -1 0 3 1 2 2 1 0/1 16:13 0:00 0:00
Tobias Rieder 0 0 0 -1 2 3 3 0 0 0 0/0 16:29 0:00 0:00
Tyler Toffoli 0 0 0 -1 0 7 2 1 0 0 1/1 18:17 0:00 0:00
Players Stats for Capitals
Player Name G A P +/- PIM S H SB GA TA FO MP PP MP PK MP
------------------------------------------------------------------------------------
Alexander Radulov 0 1 1 1 0 5 1 0 1 1 0/0 19:33 2:58 0:00
Alexei Marchenko 0 1 1 1 0 0 0 2 1 0 0/0 18:14 0:00 0:00
Antoine Vermette 0 0 0 1 0 1 0 0 1 0 5/10 11:38 0:06 0:00
Blake Pietila 1 0 1 1 0 2 1 2 0 0 0/0 19:26 2:53 0:00
Brad Richardson 0 0 0 -1 0 3 0 0 1 0 0/0 12:24 0:06 0:00
Cameron Gaunce 0 0 0 0 0 2 1 1 0 0 0/0 16:57 2:21 0:00
Cody Hodgson 0 0 0 0 0 4 0 1 1 0 8/12 15:37 2:53 0:00
Jason Spezza 0 1 1 1 0 3 3 0 1 0 16/30 20:43 2:58 0:00
Jujhar Khaira 1 0 1 1 0 4 0 0 0 0 0/0 11:16 0:00 0:00
Mark Stone 0 0 0 -1 0 1 1 0 0 0 0/0 12:24 0:06 0:00
Mike Cammalleri 0 0 0 0 0 2 3 1 1 1 2/2 16:54 2:58 0:00
Nikita Zaitsev 0 0 0 1 0 0 0 2 0 0 0/0 21:19 2:21 0:00
PK Subban 0 0 0 0 0 2 2 1 0 0 0/0 24:49 3:36 0:00
Rick Nash 0 1 1 1 0 5 1 0 0 0 0/0 12:26 0:00 0:00
Sean Monahan 0 0 0 -1 0 3 1 0 1 2 3/6 12:02 0:00 0:00
Steve Bernier 0 0 0 0 0 0 1 0 0 1 0/0 15:37 2:53 0:00
Trevor Daley 0 0 0 0 0 1 1 0 0 2 0/0 13:52 0:00 0:00
Victor Hedman 0 0 0 0 0 0 0 1 1 1 0/0 24:49 3:36 0:00
3 Stars
1 - Chet Pickard (Was)
2 - Petr Mrazek (Flo)
3 - Blake Pietila (Was)
Power Play
Panthers - 0 on 0 Attempt(s) - 0.00%
Capitals - 0 on 3 Attempt(s) - 0.00%
Penalty Kill
Panthers - 3 on 3 Attempt(s) - 100.00%
- Score 0 goal in Penalty Kill
Capitals - 0 on 0 Attempt(s) - 0.00%
- Score 0 goal in Penalty Kill
Team Stat
Panthers - Hits : 23 - Faceoff Wins : 26 - Blocked Shots : 12 - Penalty Minutes : 6
Capitals - Hits : 16 - Faceoff Wins : 34 - Blocked Shots : 11 - Penalty Minutes : 0
Official
Referees : Michael Markovic and Conor O'Donnell
Linesman : Tyson Baker and Matt MacPherson
Game Notes
No Game Note
Finance
Level 1 -- Attendance: 5611 (93.52%) -- Ticket Income $561,100
Level 2 -- Attendance: 4813 (96.26%) -- Ticket Income $288,780
Level 3 -- Attendance: 1897 (94.85%) -- Ticket Income $66,395
Level 4 -- Attendance: 4000 (100.00%) -- Ticket Income $100,000
Luxury Box -- Attendance: 980 (98.00%) -- Ticket Income $196,000
Game was played at the Capital One Arena.
Total Attendance: 17301 (96.12%)
Total Ticket Income: $1,212,275
Other Income: $181,841
Total Income: $1,394,116
Panthers
5 vs 5 Forward
Center Left Wing Right Wing Time % Phy DF OF
1 Matt Duchene Alex Galchenyuk Tyler Toffoli 40 0 2 3
2 Ryan O'Reilly Tobias Rieder Teuvo Teravainen 30 0 2 3
3 Max Reinhart Jonathan Drouin Nail Yakupov 20 0 2 3
4 Daultan Leveillé Dany Heatley Drew Stafford 10 1 2 2
5 vs 5 Defense
Defense Defense Time % Phy DF OF
1 Erik Gudbranson Oscar Klefbom 40 0 2 3
2 Jake Gardiner Dalton Prout 30 0 2 3
3 Jonathan Sigalet Josh Gorges 20 1 2 2
4 Erik Gudbranson Jake Gardiner 10 1 2 2
PowerPlay Forward
Center Left Wing Right Wing Time % Phy DF OF
1 Matt Duchene Alex Galchenyuk Tyler Toffoli 60 0 1 4
2 Ryan O'Reilly Tobias Rieder Teuvo Teravainen 40 0 1 4
PowerPlay Defense
Defense Defense Time % Phy DF OF
1 Erik Gudbranson Oscar Klefbom 60 0 2 3
2 Jake Gardiner Dalton Prout 40 0 2 3
Penalty Kill 4 Players Forward
Center Wing Time % Phy DF OF
1 Max Reinhart Drew Stafford 60 0 4 1
2 Ryan O'Reilly Alex Galchenyuk 40 0 4 1
Penalty Kill 4 Players Defense
Defense Defense Time % Phy DF OF
1 Erik Gudbranson Jake Gardiner 60 1 4 0
2 Dalton Prout Josh Gorges 40 1 4 0
Penalty Kill - 3 Players Forward
Forward Time % Phy DF OF
1 Max Reinhart 60 0 4 1
2 Drew Stafford 40 0 4 1
Penalty Kill - 3 Players Defense
Defense Defense Time % Phy DF OF
1 Erik Gudbranson Jake Gardiner 60 1 4 0
2 Dalton Prout Josh Gorges 40 1 4 0
4 vs 4 Forward
Center Wing Time % Phy DF OF
1 Matt Duchene Alex Galchenyuk 60 1 2 2
2 Ryan O'Reilly Tyler Toffoli 40 1 2 2
4 vs 4 Defense
Defense Defense Time % Phy DF OF
1 Erik Gudbranson Oscar Klefbom 60 1 2 2
2 Jake Gardiner Dalton Prout 40 1 2 2
Last Minutes Offensive
Center Left Wing Right Wing Defense Defense
Matt Duchene Alex Galchenyuk Tyler Toffoli Erik Gudbranson Jake Gardiner
Last Minutes Defensive
Center Left Wing Right Wing Defense Defense
Max Reinhart Alex Galchenyuk Drew Stafford Erik Gudbranson Jake Gardiner
Goaltenders
Starting : Petr Mrazek
Backup : Tyler Weiman
Extra Forwards
Normal : Teuvo Teravainen, Alex Galchenyuk, Tyler Toffoli - PP : Jonathan Drouin, Alex Galchenyuk - PK : Matt Duchene
Extra Defensemen
Normal : Jake Gardiner, Erik Gudbranson, Oscar Klefbom - PP : Jonathan Sigalet - PK : Dalton Prout, Erik Gudbranson
Penalty Shots
Alex Galchenyuk, Teuvo Teravainen, Ryan O'Reilly, Matt Duchene, Tyler Toffoli
Scratches
None
Capitals
5 vs 5 Forward
Center Left Wing Right Wing Time % Phy DF OF
1 Jason Spezza Blake Pietila Alexander Radulov 35 0 1 4
2 Cody Hodgson Mike Cammalleri Steve Bernier 25 0 2 3
3 Sean Monahan Brad Richardson Mark Stone 20 0 2 3
4 Antoine Vermette Jujhar Khaira Rick Nash 20 0 3 2
5 vs 5 Defense
Defense Defense Time % Phy DF OF
1 Victor Hedman PK Subban 35 0 3 2
2 Alexei Marchenko Nikita Zaitsev 35 0 4 1
3 Trevor Daley Cameron Gaunce 25 0 4 1
4 Victor Hedman PK Subban 5 0 3 2
PowerPlay Forward
Center Left Wing Right Wing Time % Phy DF OF
1 Jason Spezza Mike Cammalleri Alexander Radulov 60 0 1 4
2 Cody Hodgson Blake Pietila Steve Bernier 40 0 1 4
PowerPlay Defense
Defense Defense Time % Phy DF OF
1 PK Subban Victor Hedman 60 0 2 3
2 Cameron Gaunce Nikita Zaitsev 40 0 2 3
Penalty Kill 4 Players Forward
Center Wing Time % Phy DF OF
1 Jason Spezza Mike Cammalleri 60 0 4 1
2 Sean Monahan Blake Pietila 40 0 4 1
Penalty Kill 4 Players Defense
Defense Defense Time % Phy DF OF
1 PK Subban Alexei Marchenko 60 0 4 1
2 Victor Hedman Nikita Zaitsev 40 0 4 1
Penalty Kill - 3 Players Forward
Forward Time % Phy DF OF
1 Jason Spezza 60 0 5 0
2 Sean Monahan 40 0 5 0
Penalty Kill - 3 Players Defense
Defense Defense Time % Phy DF OF
1 PK Subban Alexei Marchenko 60 0 5 0
2 Victor Hedman Nikita Zaitsev 40 0 5 0
4 vs 4 Forward
Center Wing Time % Phy DF OF
1 Jason Spezza Mike Cammalleri 60 0 2 3
2 Cody Hodgson Alexander Radulov 40 0 2 3
4 vs 4 Defense
Defense Defense Time % Phy DF OF
1 PK Subban Victor Hedman 60 0 2 3
2 Cameron Gaunce Alexei Marchenko 40 0 2 3
Last Minutes Offensive
Center Left Wing Right Wing Defense Defense
Jason Spezza Mike Cammalleri Alexander Radulov PK Subban Victor Hedman
Last Minutes Defensive
Center Left Wing Right Wing Defense Defense
Jason Spezza Mike Cammalleri Rick Nash PK Subban Victor Hedman
Goaltenders
Starting : Chet Pickard
Backup : Cory Schneider
Extra Forwards
Normal : Jason Spezza, Cody Hodgson, Alexander Radulov - PP : Jason Spezza, Cody Hodgson - PK : Jason Spezza
Extra Defensemen
Normal : PK Subban, Victor Hedman, Alexei Marchenko - PP : PK Subban - PK : Victor Hedman, PK Subban
Penalty Shots
Jason Spezza, Cody Hodgson, Mike Cammalleri, Alexander Radulov, Victor Hedman
Scratches
Jared Spurgeon (Healthy), Kevin Connauton (Healthy), Martins Karsums (Healthy), Patrick Sharp (Healthy)
% Time on Ice - Panthers
Lines # - Real PCT - Wanted PCT - Time Play
Normal Forward
1 - 34% - 40% - 17:57
2 - 31% - 30% - 16:13
3 - 22% - 20% - 11:54
4 - 13% - 10% - 6:52
Normal Defense
1 - 39% - 40% - 20:40
2 - 28% - 30% - 15:05
3 - 27% - 20% - 14:21
4 - 5% - 10% - 2:50
PP Forward
1 - 0% - 60%
2 - 0% - 40%
PP Defense
1 - 0% - 60%
2 - 0% - 40%
PK Forward
1 - 80% - 60% - 4:44
2 - 20% - 40% - 1:13
PK Defense
1 - 66% - 60% - 3:56
2 - 34% - 40% - 2:01
PK3 Forward
1 - 0% - 60%
2 - 0% - 40%
PK3 Defense
1 - 0% - 60%
2 - 0% - 40%
44 Forward
1 - 0% - 60%
2 - 0% - 40%
44 Defense
1 - 0% - 60%
2 - 0% - 40%
Last Minute Offensive - 1:07
Last Minute Defensive - 0:00
Total
Forward - 60:00
Defense - 60:00
|
% Time on Ice - Capitals
Lines # - Real PCT - Wanted PCT - Time Play
Normal Forward
1 - 32% - 35% - 16:51
2 - 24% - 25% - 12:44
3 - 23% - 20% - 12:02
4 - 21% - 20% - 11:16
Normal Defense
1 - 34% - 35% - 18:00
2 - 36% - 35% - 18:58
3 - 26% - 25% - 13:52
4 - 4% - 5% - 2:03
PP Forward
1 - 52% - 60% - 3:04
2 - 48% - 40% - 2:53
PP Defense
1 - 61% - 60% - 3:36
2 - 39% - 40% - 2:21
PK Forward
1 - 0% - 60%
2 - 0% - 40%
PK Defense
1 - 0% - 60%
2 - 0% - 40%
PK3 Forward
1 - 0% - 60%
2 - 0% - 40%
PK3 Defense
1 - 0% - 60%
2 - 0% - 40%
44 Forward
1 - 0% - 60%
2 - 0% - 40%
44 Defense
1 - 0% - 60%
2 - 0% - 40%
Last Minute Offensive - 0:00
Last Minute Defensive - 1:10
Total
Forward - 60:00
Defense - 60:00
|
Play-by-Play
1st period
0:01 of 1st period - Matt Duchene wins face-off versus Jason Spezza in neutral zone.
0:10 of 1st period - Slapshot by Matt Duchene.
0:10 of 1st period - Shot Misses the Net.
0:36 of 1st period - Wrist shot by Max Reinhart.
0:36 of 1st period - Shot Blocked by Cody Hodgson.
1:02 of 1st period - Drew Stafford is hit by PK Subban and loses puck.
1:45 of 1st period - Snap shot by Alexander Radulov.
1:45 of 1st period - Shot Misses the Net.
1:47 of 1st period - Wrist shot by Blake Pietila.
1:47 of 1st period - Goal by Blake Pietila - Panthers : 0 - Capitals : 1.
1:48 of 1st period - Cody Hodgson wins face-off versus Matt Duchene in neutral zone.
3:07 of 1st period - Off-side.
3:08 of 1st period - Jason Spezza wins face-off versus Ryan O'Reilly in neutral zone.
3:17 of 1st period - Snap shot by Alexander Radulov.
3:17 of 1st period - Stopped by Petr Mrazek without a rebound.
3:18 of 1st period - Jason Spezza wins face-off versus Ryan O'Reilly in Panthers zone.
3:29 of 1st period - Snap shot by Ryan O'Reilly.
3:29 of 1st period - Shot Blocked by Blake Pietila.
3:59 of 1st period - Slapshot by Alexander Radulov.
3:59 of 1st period - Deflect By Jason Spezza.
3:59 of 1st period - Shot Blocked by Teuvo Teravainen.
3:59 of 1st period - Puck is out of play.
4:00 of 1st period - Cody Hodgson wins face-off versus Matt Duchene in Panthers zone.
4:09 of 1st period - Mike Cammalleri is hit by Dalton Prout and loses puck.
4:37 of 1st period - Rick Nash is hit by Dalton Prout.
5:34 of 1st period - Wrist shot by Teuvo Teravainen.
5:34 of 1st period - Stopped by Chet Pickard with a rebound.
5:36 of 1st period - Slapshot by Erik Gudbranson.
5:36 of 1st period - Stopped by Chet Pickard without a rebound.
5:37 of 1st period - Sean Monahan wins face-off versus Matt Duchene in Capitals zone.
5:37 of 1st period - Sean Monahan is hit by Josh Gorges.
6:10 of 1st period - Wrist shot by Tyler Toffoli.
6:10 of 1st period - Stopped by Chet Pickard without a rebound.
6:11 of 1st period - Antoine Vermette wins face-off versus Max Reinhart in Capitals zone.
6:24 of 1st period - Snap shot by Rick Nash.
6:24 of 1st period - Stopped by Petr Mrazek without a rebound.
6:25 of 1st period - Matt Duchene wins face-off versus Cody Hodgson in Panthers zone.
6:29 of 1st period - Off-side.
6:30 of 1st period - Cody Hodgson wins face-off versus Matt Duchene in neutral zone.
6:41 of 1st period - Wrist shot by Steve Bernier.
6:41 of 1st period - Shot Misses the Net.
7:28 of 1st period - Wrist shot by Nail Yakupov.
7:28 of 1st period - Stopped by Chet Pickard with a rebound.
7:30 of 1st period - Wrist shot by Max Reinhart.
7:30 of 1st period - Stopped by Chet Pickard with a rebound.
8:09 of 1st period - Wrist shot by Alex Galchenyuk.
8:09 of 1st period - Stopped by Chet Pickard with a rebound.
8:11 of 1st period - Slapshot by Jake Gardiner.
8:11 of 1st period - Shot Blocked by Cameron Gaunce.
8:23 of 1st period - Wrist shot by Steve Bernier.
8:23 of 1st period - Shot Misses the Net.
8:25 of 1st period - Slapshot by PK Subban.
8:25 of 1st period - Stopped by Petr Mrazek without a rebound.
8:26 of 1st period - Jason Spezza wins face-off versus Ryan O'Reilly in Panthers zone.
8:37 of 1st period - Wrist shot by Ryan O'Reilly.
8:37 of 1st period - Shot Blocked by Blake Pietila.
8:53 of 1st period - Wrist shot by Antoine Vermette.
8:53 of 1st period - Stopped by Petr Mrazek without a rebound.
8:54 of 1st period - Matt Duchene wins face-off versus Antoine Vermette in Panthers zone.
9:12 of 1st period - Icing by Erik Gudbranson.
9:13 of 1st period - Jason Spezza wins face-off versus Matt Duchene in Panthers zone.
9:20 of 1st period - Snap shot by Alexander Radulov.
9:20 of 1st period - Stopped by Petr Mrazek with a rebound.
9:28 of 1st period - Wrist shot by Tyler Toffoli.
9:28 of 1st period - Shot Hit the Post.
9:39 of 1st period - Slapshot by Matt Duchene.
9:39 of 1st period - Shot Misses the Net.
9:41 of 1st period - Slapshot by Erik Gudbranson.
9:41 of 1st period - Stopped by Chet Pickard without a rebound.
9:42 of 1st period - Cody Hodgson wins face-off versus Max Reinhart in Capitals zone.
10:09 of 1st period - Sean Monahan is hit by Tobias Rieder and loses puck.
10:58 of 1st period - Snap shot by Rick Nash.
10:58 of 1st period - Stopped by Petr Mrazek with a rebound.
11:56 of 1st period - Alexei Marchenko is hit by Dany Heatley and loses puck.
12:35 of 1st period - Nail Yakupov is hit by Rick Nash and loses puck.
12:54 of 1st period - Wrist shot by Teuvo Teravainen.
12:54 of 1st period - Shot Misses the Net.
12:56 of 1st period - Wrist shot by Teuvo Teravainen.
12:56 of 1st period - Deflect By Tobias Rieder.
12:56 of 1st period - Stopped by Chet Pickard with a rebound.
13:08 of 1st period - Jason Spezza is hit by Tobias Rieder and loses puck.
13:22 of 1st period - Off-side.
13:23 of 1st period - Daultan Leveillé wins face-off versus Sean Monahan in neutral zone.
13:49 of 1st period - Slapshot by Tyler Toffoli.
13:49 of 1st period - Stopped by Chet Pickard without a rebound.
13:50 of 1st period - Matt Duchene wins face-off versus Cody Hodgson in Capitals zone.
13:56 of 1st period - Off-side.
13:57 of 1st period - Jason Spezza wins face-off versus Matt Duchene in neutral zone.
14:07 of 1st period - Off-side.
14:08 of 1st period - Matt Duchene wins face-off versus Jason Spezza in neutral zone.
14:19 of 1st period - Snap shot by Jason Spezza.
14:19 of 1st period - Shot Blocked by Jake Gardiner.
14:40 of 1st period - Tobias Rieder is hit by Mike Cammalleri and loses puck.
14:45 of 1st period - Wrist shot by Cody Hodgson.
14:45 of 1st period - Shot Misses the Net.
14:47 of 1st period - Wrist shot by Nikita Zaitsev.
14:47 of 1st period - Shot Blocked by Teuvo Teravainen.
14:49 of 1st period - Slapshot by Mike Cammalleri.
14:49 of 1st period - Shot Misses the Net.
15:01 of 1st period - Wrist shot by Max Reinhart.
15:01 of 1st period - Stopped by Chet Pickard with a rebound.
15:45 of 1st period - Slapshot by Jason Spezza.
15:45 of 1st period - Shot Misses the Net.
16:01 of 1st period - Cameron Gaunce is hit by Erik Gudbranson and loses puck.
16:30 of 1st period - Snap shot by Jujhar Khaira.
16:30 of 1st period - Stopped by Petr Mrazek with a rebound.
16:32 of 1st period - Slapshot by Victor Hedman.
16:32 of 1st period - Shot Blocked by Ryan O'Reilly.
17:44 of 1st period - Cody Hodgson is hit by Jake Gardiner.
17:51 of 1st period - Off-side.
17:52 of 1st period - Jason Spezza wins face-off versus Matt Duchene in neutral zone.
17:57 of 1st period - Backhand shot by Blake Pietila.
17:57 of 1st period - Stopped by Petr Mrazek with a rebound.
18:01 of 1st period - Snap shot by Alexander Radulov.
18:01 of 1st period - Stopped by Petr Mrazek without a rebound.
18:02 of 1st period - Jason Spezza wins face-off versus Matt Duchene in Panthers zone.
18:03 of 1st period - Snap shot by Alexander Radulov.
18:03 of 1st period - Stopped by Petr Mrazek without a rebound.
18:04 of 1st period - Jason Spezza wins face-off versus Matt Duchene in Panthers zone.
18:42 of 1st period - Snap shot by Sean Monahan.
18:42 of 1st period - Stopped by Petr Mrazek with a rebound.
19:42 of 1st period - Snap shot by Jujhar Khaira.
19:42 of 1st period - Shot Blocked by Jake Gardiner.
19:46 of 1st period - Slapshot by Jujhar Khaira.
19:46 of 1st period - Stopped by Petr Mrazek with a rebound.
19:48 of 1st period - Snap shot by Rick Nash.
19:48 of 1st period - Shot Misses the Net.
Goals for this period are 0 for Panthers vs 1 for Capitals.
Shots for this period are 10 for Panthers vs 13 for Capitals.
2nd period
0:01 of 2nd period - Matt Duchene wins face-off versus Jason Spezza in neutral zone.
0:14 of 2nd period - Erik Gudbranson is hit by PK Subban and loses puck.
0:57 of 2nd period - Wrist shot by Max Reinhart.
0:57 of 2nd period - Stopped by Chet Pickard without a rebound.
0:58 of 2nd period - Matt Duchene wins face-off versus Jason Spezza in Capitals zone.
1:23 of 2nd period - Nikita Zaitsev is hit by Ryan O'Reilly and loses puck.
1:30 of 2nd period - Slapshot by Tobias Rieder.
1:30 of 2nd period - Stopped by Chet Pickard with a rebound.
1:43 of 2nd period - Off-side.
1:44 of 2nd period - Antoine Vermette wins face-off versus Max Reinhart in neutral zone.
1:49 of 2nd period - Snap shot by Rick Nash.
1:49 of 2nd period - Stopped by Petr Mrazek without a rebound.
1:50 of 2nd period - Jason Spezza wins face-off versus Matt Duchene in Panthers zone.
2:05 of 2nd period - Snap shot by Alex Galchenyuk.
2:05 of 2nd period - Shot Misses the Net.
2:07 of 2nd period - Slapshot by Erik Gudbranson.
2:07 of 2nd period - Deflect By Tyler Toffoli.
2:07 of 2nd period - Stopped by Chet Pickard without a rebound.
2:08 of 2nd period - Cody Hodgson wins face-off versus Ryan O'Reilly in Capitals zone.
2:40 of 2nd period - Wrist shot by Alexander Radulov.
2:40 of 2nd period - Stopped by Petr Mrazek without a rebound.
2:41 of 2nd period - Matt Duchene wins face-off versus Sean Monahan in Panthers zone.
2:43 of 2nd period - Minor Penalty to Dalton Prout for Interference.
2:44 of 2nd period - Max Reinhart wins face-off versus Jason Spezza in Panthers zone.
4:43 of 2nd period - Penalty to Dalton Prout is over, Dalton Prout is back on ice.
5:02 of 2nd period - Slapshot by Jake Gardiner.
5:02 of 2nd period - Shot Misses the Net.
5:31 of 2nd period - Icing by Trevor Daley.
5:32 of 2nd period - Jonathan Drouin wins face-off versus Antoine Vermette in Capitals zone.
5:45 of 2nd period - Slapshot by Cameron Gaunce.
5:45 of 2nd period - Stopped by Petr Mrazek with a rebound.
6:09 of 2nd period - Antoine Vermette is hit by Daultan Leveillé and loses puck.
6:22 of 2nd period - Teuvo Teravainen is hit by Jason Spezza and loses puck.
6:42 of 2nd period - Mike Cammalleri is hit by Tyler Toffoli and loses puck.
7:05 of 2nd period - Snap shot by Sean Monahan.
7:05 of 2nd period - Shot Blocked by Josh Gorges.
7:13 of 2nd period - Slapshot by Sean Monahan.
7:13 of 2nd period - Deflect By Mark Stone.
7:13 of 2nd period - Stopped by Petr Mrazek without a rebound.
7:14 of 2nd period - Jason Spezza wins face-off versus Ryan O'Reilly in Panthers zone.
7:15 of 2nd period - Slapshot by Blake Pietila.
7:15 of 2nd period - Shot Misses the Net.
7:49 of 2nd period - Slapshot by Alex Galchenyuk.
7:49 of 2nd period - Shot Blocked by Alexei Marchenko.
7:51 of 2nd period - Wrist shot by Tyler Toffoli.
7:51 of 2nd period - Shot Blocked by Nikita Zaitsev.
8:28 of 2nd period - Trevor Daley is hit by Dany Heatley and loses puck.
8:35 of 2nd period - Slapshot by Victor Hedman.
8:35 of 2nd period - Shot Misses the Net.
8:37 of 2nd period - Wrist shot by Rick Nash.
8:37 of 2nd period - Stopped by Petr Mrazek without a rebound.
8:38 of 2nd period - Jason Spezza wins face-off versus Matt Duchene in Panthers zone.
9:24 of 2nd period - Teuvo Teravainen is hit by Mike Cammalleri and loses puck.
9:41 of 2nd period - Snap shot by Teuvo Teravainen.
9:41 of 2nd period - Deflect By Ryan O'Reilly.
9:41 of 2nd period - Stopped by Chet Pickard with a rebound.
10:08 of 2nd period - Wrist shot by Cody Hodgson.
10:08 of 2nd period - Shot Misses the Net.
10:10 of 2nd period - Wrist shot by Cody Hodgson.
10:10 of 2nd period - Stopped by Petr Mrazek with a rebound.
10:12 of 2nd period - Slapshot by PK Subban.
10:12 of 2nd period - Stopped by Petr Mrazek with a rebound.
10:14 of 2nd period - Snap shot by Mike Cammalleri.
10:14 of 2nd period - Stopped by Petr Mrazek with a rebound.
11:05 of 2nd period - Tobias Rieder is hit by Steve Bernier and loses puck.
11:18 of 2nd period - Slapshot by Tobias Rieder.
11:18 of 2nd period - Stopped by Chet Pickard without a rebound.
11:19 of 2nd period - Matt Duchene wins face-off versus Jason Spezza in Capitals zone.
11:24 of 2nd period - Slapshot by Alex Galchenyuk.
11:24 of 2nd period - Stopped by Chet Pickard with a rebound.
11:44 of 2nd period - Nail Yakupov is hit by Sean Monahan and loses puck.
11:55 of 2nd period - Wrist shot by Jonathan Drouin.
11:55 of 2nd period - Goal by Jonathan Drouin - Panthers : 1 - Capitals : 1.
11:56 of 2nd period - Matt Duchene wins face-off versus Jason Spezza in neutral zone.
11:59 of 2nd period - Wrist shot by Tyler Toffoli.
11:59 of 2nd period - Stopped by Chet Pickard with a rebound.
12:01 of 2nd period - Snap shot by Oscar Klefbom.
12:01 of 2nd period - Shot Misses the Net.
12:07 of 2nd period - Snap shot by Tyler Toffoli.
12:07 of 2nd period - Stopped by Chet Pickard without a rebound.
12:08 of 2nd period - Matt Duchene wins face-off versus Jason Spezza in Capitals zone.
12:24 of 2nd period - Off-side.
12:25 of 2nd period - Max Reinhart wins face-off versus Sean Monahan in neutral zone.
13:15 of 2nd period - Jujhar Khaira is hit by Drew Stafford and loses puck.
14:09 of 2nd period - Off-side.
14:10 of 2nd period - Ryan O'Reilly wins face-off versus Antoine Vermette in neutral zone.
14:38 of 2nd period - Slapshot by Rick Nash.
14:38 of 2nd period - Deflect By Antoine Vermette.
14:38 of 2nd period - Shot Misses the Net.
14:38 of 2nd period - Puck is out of play.
14:39 of 2nd period - Jason Spezza wins face-off versus Matt Duchene in Panthers zone.
14:52 of 2nd period - Wrist shot by Alexander Radulov.
14:52 of 2nd period - Shot Misses the Net.
15:04 of 2nd period - Jonathan Sigalet is hit by Mike Cammalleri.
15:54 of 2nd period - Slapshot by Ryan O'Reilly.
15:54 of 2nd period - Shot Misses the Net.
16:13 of 2nd period - Erik Gudbranson is hit by Trevor Daley and loses puck.
16:58 of 2nd period - Snap shot by Sean Monahan.
16:58 of 2nd period - Shot Misses the Net.
17:00 of 2nd period - Wrist shot by Brad Richardson.
17:00 of 2nd period - Stopped by Petr Mrazek with a rebound.
17:02 of 2nd period - Slapshot by Trevor Daley.
17:02 of 2nd period - Stopped by Petr Mrazek with a rebound.
17:04 of 2nd period - Snap shot by Sean Monahan.
17:04 of 2nd period - Stopped by Petr Mrazek without a rebound.
17:05 of 2nd period - Matt Duchene wins face-off versus Jason Spezza in Panthers zone.
17:05 of 2nd period - Matt Duchene is hit by Jason Spezza.
17:33 of 2nd period - Wrist shot by Jujhar Khaira.
17:33 of 2nd period - Stopped by Petr Mrazek without a rebound.
17:34 of 2nd period - Antoine Vermette wins face-off versus Max Reinhart in Panthers zone.
18:13 of 2nd period - Snap shot by Brad Richardson.
18:13 of 2nd period - Stopped by Petr Mrazek with a rebound.
19:05 of 2nd period - Jujhar Khaira is hit by Jonathan Sigalet and loses puck.
19:24 of 2nd period - Slapshot by Teuvo Teravainen.
19:24 of 2nd period - Stopped by Chet Pickard without a rebound.
19:25 of 2nd period - Sean Monahan wins face-off versus Daultan Leveillé in Capitals zone.
19:36 of 2nd period - Off-side.
19:37 of 2nd period - Jason Spezza wins face-off versus Matt Duchene in neutral zone.
Goals for this period are 1 for Panthers vs 0 for Capitals.
Shots for this period are 10 for Panthers vs 13 for Capitals.
3rd period
0:01 of 3rd period - Jason Spezza wins face-off versus Matt Duchene in neutral zone.
0:06 of 3rd period - Snap shot by Jason Spezza.
0:06 of 3rd period - Stopped by Petr Mrazek without a rebound.
0:07 of 3rd period - Tyler Toffoli wins face-off versus Jason Spezza in Panthers zone.
0:07 of 3rd period - Tyler Toffoli is hit by Alexander Radulov.
0:30 of 3rd period - Icing by Erik Gudbranson.
0:31 of 3rd period - Antoine Vermette wins face-off versus Teuvo Teravainen in Panthers zone.
0:58 of 3rd period - Jason Spezza is hit by Tyler Toffoli and loses puck.
1:19 of 3rd period - Brad Richardson is hit by Oscar Klefbom and loses puck.
1:30 of 3rd period - Slapshot by Erik Gudbranson.
1:30 of 3rd period - Deflect By Victor Hedman.
1:30 of 3rd period - Stopped by Chet Pickard without a rebound.
1:31 of 3rd period - Ryan O'Reilly wins face-off versus Cody Hodgson in Capitals zone.
1:40 of 3rd period - Slapshot by Cody Hodgson.
1:40 of 3rd period - Stopped by Petr Mrazek with a rebound.
1:56 of 3rd period - Matt Duchene is hit by Blake Pietila and loses puck.
2:27 of 3rd period - Wrist shot by Jonathan Drouin.
2:27 of 3rd period - Shot Blocked by PK Subban.
2:29 of 3rd period - Snap shot by Max Reinhart.
2:29 of 3rd period - Shot Misses the Net.
2:52 of 3rd period - Minor Penalty to Tobias Rieder for Hooking.
2:53 of 3rd period - Mike Cammalleri wins face-off versus Max Reinhart in Panthers zone.
4:52 of 3rd period - Penalty to Tobias Rieder is over, Tobias Rieder is back on ice.
5:55 of 3rd period - Alexei Marchenko is hit by Ryan O'Reilly and loses puck.
6:08 of 3rd period - Wrist shot by Mike Cammalleri.
6:08 of 3rd period - Shot Blocked by Nail Yakupov.
6:33 of 3rd period - Brad Richardson is hit by Jake Gardiner and loses puck.
7:05 of 3rd period - Snap shot by Steve Bernier.
7:05 of 3rd period - Shot Blocked by Max Reinhart.
8:08 of 3rd period - Dany Heatley is hit by Mark Stone and loses puck.
8:15 of 3rd period - Wrist shot by Brad Richardson.
8:15 of 3rd period - Stopped by Petr Mrazek without a rebound.
8:16 of 3rd period - Antoine Vermette wins face-off versus Matt Duchene in Panthers zone.
8:32 of 3rd period - Slapshot by Tyler Toffoli.
8:32 of 3rd period - Stopped by Chet Pickard without a rebound.
8:33 of 3rd period - Ryan O'Reilly wins face-off versus Jason Spezza in Capitals zone.
9:22 of 3rd period - Wrist shot by Nail Yakupov.
9:22 of 3rd period - Stopped by Chet Pickard with a rebound.
9:24 of 3rd period - Backhand shot by Oscar Klefbom.
9:24 of 3rd period - Deflect By Rick Nash.
9:24 of 3rd period - Stopped by Chet Pickard with a rebound.
9:26 of 3rd period - Slapshot by Jonathan Drouin.
9:26 of 3rd period - Shot Misses the Net.
9:28 of 3rd period - Slapshot by Oscar Klefbom.
9:28 of 3rd period - Stopped by Chet Pickard with a rebound.
9:30 of 3rd period - Snap shot by Erik Gudbranson.
9:30 of 3rd period - Stopped by Chet Pickard with a rebound.
9:32 of 3rd period - Wrist shot by Jonathan Drouin.
9:32 of 3rd period - Shot Blocked by Nikita Zaitsev.
9:50 of 3rd period - Slapshot by Dany Heatley.
9:50 of 3rd period - Stopped by Chet Pickard without a rebound.
9:51 of 3rd period - Jason Spezza wins face-off versus Matt Duchene in Capitals zone.
9:58 of 3rd period - Dalton Prout is hit by Jason Spezza and loses puck.
10:34 of 3rd period - Wrist shot by Blake Pietila.
10:34 of 3rd period - Shot Misses the Net.
10:36 of 3rd period - Snap shot by Jason Spezza.
10:36 of 3rd period - Shot Misses the Net.
10:38 of 3rd period - Slapshot by Cameron Gaunce.
10:38 of 3rd period - Stopped by Petr Mrazek with a rebound.
10:40 of 3rd period - Wrist shot by Blake Pietila.
10:40 of 3rd period - Deflect By Jason Spezza.
10:40 of 3rd period - Shot Blocked by Dalton Prout.
10:40 of 3rd period - Puck is out of play.
10:41 of 3rd period - Cody Hodgson wins face-off versus Matt Duchene in Panthers zone.
10:42 of 3rd period - Slapshot by Steve Bernier.
10:42 of 3rd period - Shot Misses the Net.
11:08 of 3rd period - Mark Stone is hit by Ryan O'Reilly and loses puck.
11:19 of 3rd period - Slapshot by Sean Monahan.
11:19 of 3rd period - Shot Misses the Net.
11:53 of 3rd period - Slapshot by Erik Gudbranson.
11:53 of 3rd period - Stopped by Chet Pickard without a rebound.
11:54 of 3rd period - Mike Cammalleri wins face-off versus Daultan Leveillé in Capitals zone.
12:09 of 3rd period - Wrist shot by Cody Hodgson.
12:09 of 3rd period - Shot Misses the Net.
12:51 of 3rd period - Wrist shot by Max Reinhart.
12:51 of 3rd period - Shot Blocked by Alexei Marchenko.
12:53 of 3rd period - Slapshot by Nail Yakupov.
12:53 of 3rd period - Shot Misses the Net.
13:11 of 3rd period - Wrist shot by Jujhar Khaira.
13:11 of 3rd period - Goal by Jujhar Khaira - Panthers : 1 - Capitals : 2.
13:12 of 3rd period - Matt Duchene wins face-off versus Jason Spezza in neutral zone.
13:22 of 3rd period - PK Subban is hit by Erik Gudbranson and loses puck.
13:33 of 3rd period - Minor Penalty to Erik Gudbranson for Tripping.
13:34 of 3rd period - Max Reinhart wins face-off versus Jason Spezza in Panthers zone.
14:13 of 3rd period - Wrist shot by Cody Hodgson.
14:13 of 3rd period - Stopped by Petr Mrazek without a rebound.
14:14 of 3rd period - Cody Hodgson wins face-off versus Drew Stafford in Panthers zone.
14:32 of 3rd period - Icing by Steve Bernier.
14:33 of 3rd period - Cody Hodgson wins face-off versus Max Reinhart in Capitals zone.
14:40 of 3rd period - Wrist shot by Jason Spezza.
14:40 of 3rd period - Shot Blocked by Drew Stafford.
15:03 of 3rd period - Ryan O'Reilly is hit by Cameron Gaunce and loses puck.
15:33 of 3rd period - Penalty to Erik Gudbranson is over, Erik Gudbranson is back on ice.
15:40 of 3rd period - Icing by Mark Stone.
15:41 of 3rd period - Sean Monahan wins face-off versus Ryan O'Reilly in Capitals zone.
15:41 of 3rd period - Sean Monahan is hit by Tobias Rieder.
16:22 of 3rd period - Snap shot by Brad Richardson.
16:22 of 3rd period - Shot Blocked by Ryan O'Reilly.
16:28 of 3rd period - Wrist shot by Sean Monahan.
16:28 of 3rd period - Stopped by Petr Mrazek with a rebound.
16:44 of 3rd period - Sean Monahan is hit by Teuvo Teravainen and loses puck.
17:07 of 3rd period - Wrist shot by Teuvo Teravainen.
17:07 of 3rd period - Stopped by Chet Pickard without a rebound.
17:08 of 3rd period - Matt Duchene wins face-off versus Antoine Vermette in Capitals zone.
17:13 of 3rd period - Wrist shot by Matt Duchene.
17:13 of 3rd period - Stopped by Chet Pickard with a rebound.
17:39 of 3rd period - Alexander Radulov is hit by Max Reinhart and loses puck.
17:58 of 3rd period - Slapshot by Cody Hodgson.
17:58 of 3rd period - Stopped by Petr Mrazek without a rebound.
17:59 of 3rd period - Daultan Leveillé wins face-off versus Cody Hodgson in Panthers zone.
18:04 of 3rd period - Slapshot by Dalton Prout.
18:04 of 3rd period - Stopped by Chet Pickard with a rebound.
18:06 of 3rd period - Slapshot by Dalton Prout.
18:06 of 3rd period - Stopped by Chet Pickard with a rebound.
18:08 of 3rd period - Wrist shot by Daultan Leveillé.
18:08 of 3rd period - Deflect By Drew Stafford.
18:08 of 3rd period - Shot Misses the Net.
18:08 of 3rd period - Puck is out of play.
18:09 of 3rd period - Max Reinhart wins face-off versus Antoine Vermette in Capitals zone.
19:06 of 3rd period - Snap shot by Rick Nash.
19:06 of 3rd period - Stopped by Petr Mrazek with a rebound.
19:08 of 3rd period - Snap shot by Mike Cammalleri.
19:08 of 3rd period - Shot Blocked by Tyler Toffoli.
19:10 of 3rd period - Wrist shot by Mike Cammalleri.
19:10 of 3rd period - Stopped by Petr Mrazek with a rebound.
19:12 of 3rd period - Snap shot by Mike Cammalleri.
19:12 of 3rd period - Shot Misses the Net.
19:14 of 3rd period - Wrist shot by Mike Cammalleri.
19:14 of 3rd period - Deflect By Jason Spezza.
19:14 of 3rd period - Stopped by Petr Mrazek without a rebound.
19:15 of 3rd period - Alain Vigneault call a timeout for Panthers.
19:15 of 3rd period - Jason Spezza wins face-off versus Matt Duchene in Panthers zone.
19:20 of 3rd period - Snap shot by Jason Spezza.
19:20 of 3rd period - Stopped by Petr Mrazek without a rebound.
19:21 of 3rd period - Matt Duchene wins face-off versus Jason Spezza in Panthers zone.
19:26 of 3rd period - Panthers, Petr Mrazek is pulled from the net.
19:28 of 3rd period - Slapshot by Matt Duchene.
19:28 of 3rd period - Shot Misses the Net.
19:30 of 3rd period - Wrist shot by Erik Gudbranson.
19:30 of 3rd period - Shot Blocked by Victor Hedman.
19:32 of 3rd period - Wrist shot by Matt Duchene.
19:32 of 3rd period - Shot Misses the Net.
19:56 of 3rd period - Slapshot by Alex Galchenyuk.
19:56 of 3rd period - Shot Blocked by Mike Cammalleri.
19:58 of 3rd period - Slapshot by Tyler Toffoli.
19:58 of 3rd period - Stopped by Chet Pickard with a rebound.
Goals for this period are 0 for Panthers vs 1 for Capitals.
Shots for this period are 13 for Panthers vs 12 for Capitals.